[Event "FIDE World Cup O10-B 2024"]
[Site "Batumi"]
[Date "2024.06.23"]
[Round "1.1"]
[White "Shogdzhiev, Roman"]
[Black "Lazarev, Egor"]
[Result "1-0"]
[ECO "C10"]
[WhiteElo "2060"]
[BlackElo "1683"]
[Annotator "NA RC"]
[PlyCount "67"]
[EventDate "2024.06.23"]
[EventType "swiss"]
[EventCountry "GEO"]
[SourceTitle "playchess.com"]
[Source "ChessBase"]
[SourceQuality "1"]
[TimeControl "5400+30"]

1. e4 e6 2. d4 d5 3. Nc3 dxe4 4. Nxe4 Nd7 5. Nf3 Ngf6 6. Nxf6+ Nxf6 7. c3 Be7 8. Bd3 O-O 9. Qe2 b6 10. Bf4 Bb7 11. O-O-O Nd5 12. Qe4 g6 13. Bh6 Rb8 14. Bxf8 Qxf8 15. Qe1 c5 16. Be4 cxd4 17. Nxd4 Bf6 18. Bf3 Kh8 19. Kb1 b5 20. Qe2 b4 21. c4 Ba6 22. Bxd5 exd5 23. Qf3 Qg7 24. Qxd5 Bb7 25. Qd7 Be4+ 26. Ka1 h6 27. Rhe1 Bf5 28. Nxf5 Bxb2+ 29. Kb1 gxf5 30. Re8+ Rxe8 31. Qxe8+ Kh7 32. Qd7 Bf6 33. Qxf5+ Kg8 34. Re1 1-0

[Event "FIDE World Cup O10-B 2024"]
[Site "Batumi"]
[Date "2024.06.23"]
[Round "1.2"]
[White "Popov, Aleksandr And"]
[Black "Xia, Joshua"]
[Result "0-1"]
[ECO "B22"]
[WhiteElo "1661"]
[BlackElo "2060"]
[Annotator "NA RC"]
[PlyCount "142"]
[EventDate "2024.06.23"]
[EventType "swiss"]
[EventCountry "GEO"]
[SourceTitle "playchess.com"]
[Source "ChessBase"]
[SourceQuality "1"]
[TimeControl "5400+30"]

1. e4 c5 2. c3 Nf6 3. e5 Nd5 4. Bc4 Nb6 5. Bb3 c4 6. Bc2 Nc6 7. Nf3 Qc7 8. Qe2 g6 9. O-O Bg7 10. Re1 O-O 11. b3 cxb3 12. axb3 d6 13. exd6 exd6 14. d4 Bg4 15. h3 Bxf3 16. Qxf3 Nxd4 17. Qd3 Nxc2 18. Qxc2 d5 19. Qd3 Rfc8 20. Bb2 Qc6 21. Rc1 a5 22. Na3 a4 23. b4 Nc4 24. Nxc4 dxc4 25. Qg3 Re8 26. Re1 b5 27. h4 h5 28. Re3 Rxe3 29. Qxe3 Re8 30. Qd2 Qe6 31. Kf1 Bf6 32. g3 Qe4 33. Kg1 Qe2 34. Rd1 Qf3 35. Re1 Rd8 36. Qe2 Qxe2 37. Rxe2 Rd3 38. Rc2 a3 39. Bxa3 Bxc3 40. Ra2 Rd1+ 41. Kg2 Ra1 42. Rxa1 Bxa1 43. Kf3 c3 44. Ke2 Bb2 45. Kd3 Bxa3 46. Kxc3 Kg7 47. Kb3 Bc1 48. Kc2 Bh6 49. Kd3 Kf6 50. Kc3 Kf5 51. Kd3 Kg4 52. Ke2 Bf8 53. Kd3 Bxb4 54. Kd4 Be1 55. Ke5 Bc3+ 56. Kd6 b4 57. Ke7 f6 58. Kf7 Kf5 59. f3 b3 60. g4+ hxg4 61. fxg4+ Kxg4 62. Kxg6 b2 63. h5 b1=Q+ 64. Kg7 f5+ 65. Kh7 f4+ 66. Kh6 Qb6+ 67. Kh7 Kxh5 68. Kg8 f3 69. Kf7 f2 70. Kg8 Qe6+ 71. Kh7 Qg6# 0-1

[Event "FIDE World Cup O10-B 2024"]
[Site "Batumi"]
[Date "2024.06.23"]
[Round "1.3"]
[White "Zhauynbay, Alimzhan"]
[Black "AlJamaat, Khaled"]
[Result "1-0"]
[ECO "C78"]
[WhiteElo "1903"]
[BlackElo "1644"]
[Annotator "NA RC"]
[PlyCount "157"]
[EventDate "2024.06.23"]
[EventType "swiss"]
[EventCountry "GEO"]
[SourceTitle "playchess.com"]
[Source "ChessBase"]
[SourceQuality "1"]
[TimeControl "5400+30"]

1. e4 e5 2. Nf3 Nc6 3. Bb5 a6 4. Ba4 Nf6 5. O-O b5 6. Bb3 Bc5 7. Nxe5 Nxe5 8. d4 Bxd4 9. Qxd4 d6 10. f4 Nc6 11. Qe3 O-O 12. c3 Bb7 13. Bc2 Re8 14. Nd2 Qd7 15. b3 Rad8 16. Bb2 h6 17. Rad1 Nb8 18. c4 Qe7 19. e5 Nc6 20. Qf3 dxe5 21. fxe5 Nh7 22. Bxh7+ Kxh7 23. Qxf7 Qxf7 24. Rxf7 Nxe5 25. Rxc7 Be4 26. cxb5 axb5 27. Bc3 Bg6 28. Re1 Nf7 29. Ree7 Rxe7 30. Rxe7 Rd3 31. Rc7 Rd6 32. a4 bxa4 33. bxa4 Ra6 34. a5 Kg8 35. Nb3 Rd6 36. Nc5 Rd1+ 37. Kf2 Rc1 38. a6 Rxc3 39. a7 Ra3 40. Rc8+ Kh7 41. a8=Q Rxa8 42. Rxa8 Ne5 43. Ne6 h5 44. h4 Ng4+ 45. Kg3 Bf5 46. Nf8+ Kh6 47. Kf4 Bg6 48. Nd7 Bd3 49. g3 g6 50. Ra7 Bc4 51. Ne5 Nxe5 52. Kxe5 Bd3 53. Kf6 Bf5 54. Ra8 Kh7 55. Kg5 Kg7 56. Ra7+ Kh8 57. Kh6 Kg8 58. Rg7+ Kh8 59. Rxg6 Bxg6 60. Kxg6 Kg8 61. Kxh5 Kh7 62. g4 Kg7 63. g5 Kh7 64. g6+ Kh8 65. Kh6 Kg8 66. g7 Kf7 67. Kh7 Kf6 68. g8=Q Ke5 69. Qf7 Kd4 70. Qe6 Kc3 71. Qd5 Kb2 72. Qc4 Ka1 73. Qb5 Ka2 74. Kg6 Ka1 75. Kf5 Ka2 76. Ke4 Ka1 77. Kd3 Ka2 78. Kc2 Ka3 79. Qa5# 1-0

[Event "FIDE World Cup O10-B 2024"]
[Site "Batumi"]
[Date "2024.06.23"]
[Round "1.4"]
[White "Kiringoda, Thehas Rithmitha"]
[Black "Yu, Zechen"]
[Result "0-1"]
[ECO "D00"]
[WhiteElo "1641"]
[BlackElo "1889"]
[Annotator "NA RC"]
[PlyCount "120"]
[EventDate "2024.06.23"]
[EventType "swiss"]
[EventCountry "GEO"]
[SourceTitle "playchess.com"]
[Source "ChessBase"]
[SourceQuality "1"]
[TimeControl "5400+30"]

1. d4 Nf6 2. Bf4 d5 3. e3 c5 4. c3 Nc6 5. Nf3 Bf5 6. Nbd2 e6 7. Be2 Be7 8. h3 h6 9. O-O O-O 10. Re1 a6 11. Ne5 Nxe5 12. Bxe5 Nd7 13. Bg3 Bh7 14. Nf3 Rc8 15. Bd3 Bxd3 16. Qxd3 c4 17. Qc2 f5 18. Ne5 Nxe5 19. Bxe5 Bd6 20. Bxd6 Qxd6 21. f4 Rc7 22. Kh1 g5 23. g3 Rg7 24. Rg1 g4 25. h4 b5 26. Rgb1 Rc7 27. Qd2 a5 28. a3 Rb8 29. Ra2 b4 30. axb4 axb4 31. Rba1 bxc3 32. bxc3 Rcb7 33. Ra8 Qb6 34. Rxb8+ Rxb8 35. Qa2 Kf7 36. Qa4 Qb2 37. Qa7+ Kf6 38. Rg1 Qb7 39. Qa3 Ra8 40. Qd6 Qb8 41. Qc5 Kf7 42. Qc6 Ra7 43. Rg2 Qb7 44. Qc5 Ra1+ 45. Kh2 Ra6 46. Rf2 Qc6 47. Qb4 Qb6 48. Qb2 Qb3 49. Qc1 Qa3 50. Qb1 Qb3 51. Qc1 Ra3 52. Rc2 Qa4 53. Qb1 Rb3 54. Qc1 Qa3 55. Qd2 Qa1 56. h5 Rb1 57. Qg2 Re1 58. Ra2 Qxc3 59. Ra7+ Kf6 60. Qa2 Qxe3 0-1

[Event "FIDE World Cup O10-B 2024"]
[Site "Batumi"]
[Date "2024.06.23"]
[Round "1.5"]
[White "Ling, Chenxuan"]
[Black "Makhsatuly, Rakhim"]
[Result "1/2-1/2"]
[ECO "E05"]
[WhiteElo "1868"]
[BlackElo "1630"]
[Annotator "NA RC"]
[PlyCount "107"]
[EventDate "2024.06.23"]
[EventType "swiss"]
[EventCountry "GEO"]
[SourceTitle "playchess.com"]
[Source "ChessBase"]
[SourceQuality "1"]
[TimeControl "5400+30"]

1. Nf3 Nf6 2. g3 e6 3. Bg2 d5 4. d4 Be7 5. O-O O-O 6. c4 dxc4 7. Qc2 a6 8. Qxc4 b5 9. Qc2 Bb7 10. Bd2 Be4 11. Qc1 Nc6 12. Nc3 Nxd4 13. Nxd4 Bxg2 14. Nxe6 fxe6 15. Kxg2 b4 16. Na4 c5 17. Rd1 Qa5 18. b3 Qb5 19. Re1 Ne4 20. f3 Nxd2 21. Qxd2 c4 22. Qe3 e5 23. Nb2 c3 24. Nc4 Bf6 25. Qe4 Rad8 26. Rad1 Rd4 27. Qf5 Rfd8 28. Qe6+ Kf8 29. Rxd4 exd4 30. Qe4 Re8 31. Qxh7 Qd5 32. Qd3 Bg5 33. e4 Qd7 34. f4 Bf6 35. e5 Qd5+ 36. Kf2 Be7 37. h4 g5 38. e6 gxf4 39. Re5 fxg3+ 40. Qxg3 Qd8 41. Qf4+ Bf6 42. e7+ Rxe7 43. Rf5 Rf7 44. Ne5 Bxh4+ 45. Kg1 Rxf5 46. Qxf5+ Bf6 47. Nd7+ Kg7 48. Qg4+ Kf7 49. Qh5+ Ke6 50. Nc5+ Ke7 51. Qh7+ Ke8 52. Qh5+ Kf8 53. Qf5 Kf7 54. Nd7 1/2-1/2

[Event "FIDE World Cup O10-B 2024"]
[Site "Batumi"]
[Date "2024.06.23"]
[Round "1.6"]
[White "Jibladze, Nikoloz"]
[Black "Modith Aaroh Mutyalapati"]
[Result "0-1"]
[ECO "C14"]
[WhiteElo "1612"]
[BlackElo "1866"]
[Annotator "NA RC"]
[PlyCount "96"]
[EventDate "2024.06.23"]
[EventType "swiss"]
[EventCountry "GEO"]
[SourceTitle "playchess.com"]
[Source "ChessBase"]
[SourceQuality "1"]
[TimeControl "5400+30"]

1. e4 e6 2. d4 d5 3. Nc3 Nf6 4. Bg5 Be7 5. e5 Nfd7 6. h4 h6 7. Bxe7 Qxe7 8. Qg4 Kf8 9. f4 h5 10. Qf3 c5 11. O-O-O Nc6 12. dxc5 a6 13. Nh3 Nxc5 14. Ng5 b5 15. Ne2 Bb7 16. Qh3 Rc8 17. f5 Nxe5 18. Nf4 exf5 19. Qxf5 g6 20. Nfe6+ Nxe6 21. Qxe5 Ng7 22. Qxe7+ Kxe7 23. Bd3 f5 24. Rde1+ Kf6 25. Re2 Rce8 26. Rhe1 Rxe2 27. Rxe2 Bc8 28. Kd2 Ne6 29. Nxe6 Bxe6 30. c3 Re8 31. Ke3 Rc8 32. Kf4 d4 33. cxd4 Bxa2 34. Rc2 Rxc2 35. Bxc2 Bd5 36. g3 a5 37. Bd3 b4 38. Bc2 b3 39. Bb1 a4 40. Bd3 Be4 41. Bc4 a3 42. bxa3 b2 43. Ba2 b1=Q 44. Bxb1 Bxb1 45. d5 Be4 46. d6 Ke6 47. Kg5 Kxd6 48. a4 Ke5 0-1

[Event "FIDE World Cup O10-B 2024"]
[Site "Batumi"]
[Date "2024.06.23"]
[Round "1.7"]
[White "Rahul Ramakrishnan"]
[Black "Kazimzade, Mahammad"]
[Result "1-0"]
[ECO "E44"]
[WhiteElo "1838"]
[BlackElo "1594"]
[Annotator "NA RC"]
[PlyCount "63"]
[EventDate "2024.06.23"]
[EventType "swiss"]
[EventCountry "GEO"]
[SourceTitle "playchess.com"]
[Source "ChessBase"]
[SourceQuality "1"]
[TimeControl "5400+30"]

1. d4 Nf6 2. c4 e6 3. Nc3 Bb4 4. e3 O-O 5. Nge2 d5 6. a3 Bxc3+ 7. Nxc3 b6 8. cxd5 exd5 9. Bd3 Bb7 10. O-O Nbd7 11. b3 c5 12. Bb2 Re8 13. Rc1 Rc8 14. Nb5 Nf8 15. Nxa7 Ra8 16. Nb5 Ne6 17. a4 Qd7 18. dxc5 Nxc5 19. Bxf6 gxf6 20. Bb1 Re5 21. Qc2 Rh5 22. b4 Nxa4 23. Qe2 Rh4 24. Rc7 Qe8 25. Rxb7 Rxb4 26. Qh5 Rxb1 27. Rxb1 Rd8 28. Qg4+ Kh8 29. Qxa4 Rc8 30. h3 Qc6 31. Rxf7 Qe6 32. Qg4 1-0

[Event "FIDE World Cup O10-B 2024"]
[Site "Batumi"]
[Date "2024.06.23"]
[Round "1.8"]
[White "Shen, Houlin"]
[Black "Azimov, Yasin"]
[Result "1/2-1/2"]
[ECO "B90"]
[WhiteElo "1583"]
[BlackElo "1833"]
[Annotator "NA RC"]
[PlyCount "77"]
[EventDate "2024.06.23"]
[EventType "swiss"]
[EventCountry "GEO"]
[SourceTitle "playchess.com"]
[Source "ChessBase"]
[SourceQuality "1"]
[TimeControl "5400+30"]

1. e4 c5 2. Nf3 d6 3. d4 cxd4 4. Nxd4 Nf6 5. Nc3 a6 6. Be3 e5 7. Nb3 Be6 8. Qd2 Nbd7 9. f4 Rc8 10. f5 Bc4 11. Bxc4 Rxc4 12. Qd3 Rc6 13. O-O-O Be7 14. h3 b5 15. a3 Qc7 16. g4 h6 17. Rhg1 Nc5 18. Bxc5 dxc5 19. Nd5 Nxd5 20. exd5 c4 21. Qe4 Rd6 22. Nd2 c3 23. Nf3 cxb2+ 24. Kxb2 f6 25. Rd3 b4 26. axb4 Rb6 27. Rb3 O-O 28. c3 Rfb8 29. Ra1 Rd8 30. Ra5 Rb5 31. Rxa6 Rbxd5 32. c4 Qb7 33. cxd5 Qxa6 34. Ra3 Qb7 35. Kb3 Rxd5 36. Ra7 Qxa7 37. Qxd5+ Kh7 38. Qe4 Qf2 39. h4 1/2-1/2

[Event "FIDE World Cup O10-B 2024"]
[Site "Batumi"]
[Date "2024.06.23"]
[Round "1.9"]
[White "Zabelin, Platon"]
[Black "Akramov, Khusan"]
[Result "1/2-1/2"]
[ECO "A45"]
[WhiteElo "1799"]
[BlackElo "1477"]
[Annotator "NA RC"]
[PlyCount "139"]
[EventDate "2024.06.23"]
[EventType "swiss"]
[EventCountry "GEO"]
[SourceTitle "playchess.com"]
[Source "ChessBase"]
[SourceQuality "1"]
[TimeControl "5400+30"]

1. d4 Nf6 2. Bg5 Ne4 3. Bf4 c5 4. f3 Qa5+ 5. c3 Nf6 6. d5 e6 7. e4 exd5 8. exd5 d6 9. Qe2+ Be7 10. Bxd6 Nxd5 11. Qe5 Nc6 12. Qxd5 Be6 13. Qxc5 Qxc5 14. Bxc5 Bxc5 15. Bb5 O-O-O 16. Nd2 Rhe8 17. Ne2 a6 18. Bc4 Bf2+ 19. Kxf2 Rxd2 20. Bxe6+ Rxe6 21. Rhe1 Rxb2 22. Kf1 Rd6 23. Nf4 Rdd2 24. Re2 Rxe2 25. Nxe2 Ne5 26. Nd4 Nc4 27. Kg1 Kd7 28. a4 Nd2 29. Rd1 Rb1 30. Rxb1 Nxb1 31. c4 Nc3 32. a5 Kd6 33. Nb3 Na4 34. Kf2 Nc5 35. Nc1 Nd7 36. Nd3 Nc5 37. Nc1 Na4 38. Nd3 f6 39. Ke3 Nc5 40. Nc1 Ke5 41. Nd3+ Nxd3 42. Kxd3 f5 43. Ke3 g6 44. h4 f4+ 45. Kd3 Kd6 46. Kd4 Kc6 47. h5 b6 48. axb6 Kxb6 49. hxg6 hxg6 50. Kd5 a5 51. Kd6 Kb7 52. Kd7 Kb6 53. Kd6 Kb7 54. Kc5 Ka6 55. Kd6 Kb7 56. Kc5 Ka6 57. Kd6 Kb7 58. Kd7 Kb6 59. Kd6 Kb7 60. Kc5 Ka6 61. Kd6 Kb7 62. Kc5 Ka6 63. Kd6 Kb7 64. Kd7 Kb6 65. Kd6 Kb7 66. Kc5 Ka6 67. Kd6 Kb7 68. Kc5 Ka6 69. Kd6 Kb7 70. Kc5 1/2-1/2

[Event "FIDE World Cup O10-B 2024"]
[Site "Batumi"]
[Date "2024.06.23"]
[Round "1.10"]
[White "Kvaratskhelia, Giorgi"]
[Black "Muhammad Shayan Noushad Ibrahi"]
[Result "1-0"]
[ECO "B12"]
[WhiteElo "1548"]
[BlackElo "1785"]
[Annotator "NA RC"]
[PlyCount "89"]
[EventDate "2024.06.23"]
[EventType "swiss"]
[EventCountry "GEO"]
[SourceTitle "playchess.com"]
[Source "ChessBase"]
[SourceQuality "1"]
[TimeControl "5400+30"]

1. e4 c6 2. d4 d5 3. e5 Bf5 4. h4 h5 5. Bd3 Bxd3 6. Qxd3 e6 7. Nc3 Ne7 8. Bg5 Nd7 9. O-O-O Qb6 10. Bxe7 Bxe7 11. f4 c5 12. Nge2 c4 13. Qf3 g6 14. g4 hxg4 15. Qxg4 O-O-O 16. h5 gxh5 17. Rxh5 f5 18. Qh3 Rxh5 19. Qxh5 Nf8 20. a3 Qc6 21. Rg1 b5 22. Rg7 Re8 23. Qh6 a5 24. Rxe7 Rxe7 25. Qxf8+ Re8 26. Qc5 Qxc5 27. dxc5 b4 28. axb4 axb4 29. Nb5 Rh8 30. Ned4 Rh1+ 31. Kd2 Rh2+ 32. Ke3 Rh3+ 33. Kf2 Rh2+ 34. Kg3 Rd2 35. Nxe6 Rxc2 36. Ned4 Rxb2 37. e6 Rb1 38. c6 Re1 39. Kf2 Rxe6 40. Nxe6 c3 41. Nd6+ Kb8 42. c7+ Ka7 43. c8=Q Kb6 44. Qb7+ Ka5 45. Qb5# 1-0

[Event "FIDE World Cup O10-B 2024"]
[Site "Batumi"]
[Date "2024.06.23"]
[Round "1.11"]
[White "Bergmann, Rafael Antonio"]
[Black "Karthik, Anand T."]
[Result "1/2-1/2"]
[ECO "B41"]
[WhiteElo "1743"]
[BlackElo "2022"]
[Annotator "NA RC"]
[PlyCount "143"]
[EventDate "2024.06.23"]
[EventType "swiss"]
[EventCountry "GEO"]
[SourceTitle "playchess.com"]
[Source "ChessBase"]
[SourceQuality "1"]
[TimeControl "5400+30"]

1. e4 c5 2. Nf3 e6 3. d4 cxd4 4. Nxd4 a6 5. c4 Qc7 6. Nc3 Nf6 7. a3 Be7 8. Be2 b6 9. Be3 Bb7 10. f3 d6 11. O-O O-O 12. Qd2 Nbd7 13. Rac1 Rac8 14. Kh1 Qb8 15. Rfd1 Bd8 16. b4 Bc7 17. Nb3 Rfd8 18. Bf1 d5 19. exd5 exd5 20. cxd5 Bxh2 21. Nd4 Be5 22. Nde2 Qd6 23. Bd4 Bxd4 24. Nxd4 Qe5 25. Nde2 Qh5+ 26. Kg1 b5 27. Ng3 Qg6 28. Qf4 Nb6 29. Nf5 Kf8 30. Qe5 Rd7 31. Bd3 Qg5 32. Ne4 Rxc1 33. Nxg5 Rxd1+ 34. Kh2 Rxd3 35. Qb8+ Nc8 36. Nd6 Rxd6 37. Qxb7 Ne7 38. Qb8+ Ne8 39. Nxh7+ Kg8 40. Qxe8+ Kxh7 41. Qxe7 R6xd5 42. Qxf7 Rg5 43. Qf4 Rdd5 44. Qe4+ Kh6 45. Qe6+ g6 46. g4 Rge5 47. Qg8 Kg5 48. Qf8 Re1 49. Kg3 Rg1+ 50. Kf2 Rgd1 51. Qe7+ Kh6 52. Qe3+ Kg7 53. Qa7+ Kh6 54. Qxa6 R5d2+ 55. Ke3 Rd3+ 56. Kf4 Rd4+ 57. Kg3 Rd5 58. Qa8 Kh7 59. Qa7+ Kh6 60. Qb8 Kh7 61. Qc7+ Kh6 62. Qf4+ Kg7 63. Qc7+ Kh6 64. Qb7 Rg1+ 65. Kf2 Rgd1 66. Qb8 Kg5 67. Qa7 Kf6 68. Qb6+ Kg7 69. Qc7+ Kh6 70. Qf4+ Kg7 71. Qc7+ Kh6 72. Qf4+ 1/2-1/2

[Event "FIDE World Cup O10-B 2024"]
[Site "Batumi"]
[Date "2024.06.24"]
[Round "2.1"]
[White "Modith Aaroh Mutyalapati"]
[Black "Shogdzhiev, Roman"]
[Result "1-0"]
[ECO "B86"]
[WhiteElo "1866"]
[BlackElo "2060"]
[Annotator "NA RC"]
[PlyCount "71"]
[EventDate "2024.06.23"]
[EventType "swiss"]
[EventCountry "GEO"]
[SourceTitle "playchess.com"]
[Source "ChessBase"]
[SourceQuality "1"]
[TimeControl "5400+30"]

1. e4 c5 2. Nf3 d6 3. d4 cxd4 4. Nxd4 Nf6 5. Nc3 a6 6. Bc4 e6 7. Bb3 Nbd7 8. f4 Nc5 9. f5 Be7 10. Qf3 O-O 11. Be3 e5 12. Nde2 b5 {[%emt 0:02:13] B86: Sicilian Scheveningen/Najdorf: 6 Bc4, without early ...b5.} 13. Rd1 Nxb3 14. axb3 b4 15. Nd5 Nxd5 16. exd5 g6 (16... a5 $11) 17. Ng3 Kg7 (17... Bg5 $11) 18. O-O h5 19. Kh1 h4 {[%emt 0:03:41] [#]} 20. Bb6 $1 Qxb6 21. f6+ Kh6 22. fxe7 Rg8 23. Qxf7 Bg4 24. Ne4 Bxd1 25. Nf6 Rh8 26. Rxd1 Qb5 27. Rd3 Rac8 28. Ng4+ (28. e8=B $2 {loses.} Qxd3 29. Ng4+ Kh5 $19) 28... Kh5 29. Rh3 Qe2 $18 30. Ne3 Qe1+ 31. Nf1 Rxc2 32. Qf6 Rg8 33. Rf3 Qe2 34. Ne3 Rc1+ 35. Nf1 Rc2 36. Ne3 1-0

[Event "FIDE World Cup O10-B 2024"]
[Site "Batumi"]
[Date "2024.06.24"]
[Round "2.2"]
[White "Xia, Joshua"]
[Black "Rahul Ramakrishnan"]
[Result "1-0"]
[ECO "C06"]
[WhiteElo "2060"]
[BlackElo "1838"]
[Annotator "NA RC"]
[PlyCount "105"]
[EventDate "2024.06.23"]
[EventType "swiss"]
[EventCountry "GEO"]
[SourceTitle "playchess.com"]
[Source "ChessBase"]
[SourceQuality "1"]
[TimeControl "5400+30"]

1. e4 e6 2. d4 d5 3. Nd2 Nf6 4. e5 Nfd7 5. Bd3 c5 6. c3 b6 7. Nh3 Ba6 8. Bxa6 Nxa6 9. O-O Be7 {[%emt 0:06:08] C06: French Tarrasch: 3...Nf6 4 e5 Nfd7 5 Bd3 main lines.} 10. Qg4 g6 11. Nf3 h6 12. Nf4 h5 13. Qh3 Nc7 14. Be3 Qc8 15. b3 Qb7 (15... a5 $14) 16. a4 O-O-O (16... Kf8 $142) 17. dxc5 ({White should try} 17. Nd3 $16) 17... bxc5 18. Nd3 $1 Qxb3 19. Bg5 Bxg5 20. Nxg5 Rdf8 21. Qe3 Qb6 $14 22. a5 Qc6 23. Rfb1 c4 24. Nf4 Qc5 25. Qe2 Nb5 26. a6 Nc7 27. Rb7 Nb8 28. Qb2 Kd7 29. h4 Ke7 30. Qa3 Qxa3 31. Rxc7+ Kd8 32. Nfxe6+ fxe6 33. Nxe6+ Ke8 34. Ng7+ Kd8 35. Ne6+ Ke8 36. Rxa3 Rfg8 37. Ra5 Nd7 38. Rxd5 Rh7 39. Rxa7 Re7 40. Ra8+ Kf7 41. Ng5+ Kg7 42. Ra7 Rd8 43. e6 Kh6 44. Nf7+ Rxf7 45. exf7 g5 46. Raxd7 Rf8 47. a7 g4 48. Rd8 g3 49. Rxf8 gxf2+ 50. Kxf2 Kg7 51. a8=Q Kh7 52. Rc8 Kg6 53. f8=Q 1-0

[Event "FIDE World Cup O10-B 2024"]
[Site "Batumi"]
[Date "2024.06.24"]
[Round "2.3"]
[White "Akramov, Khasan"]
[Black "Zhauynbay, Alimzhan"]
[Result "1-0"]
[ECO "A36"]
[WhiteElo "1718"]
[BlackElo "1903"]
[Annotator "NA RC"]
[PlyCount "91"]
[EventDate "2024.06.23"]
[EventType "swiss"]
[EventCountry "GEO"]
[SourceTitle "playchess.com"]
[Source "ChessBase"]
[SourceQuality "1"]
[TimeControl "5400+30"]

1. c4 g6 2. g3 Bg7 3. Bg2 Nf6 4. Nc3 O-O 5. d3 c5 6. e4 Nc6 7. Nge2 d6 8. O-O Rb8 9. h3 a6 10. f4 e6 {[%emt 0:07:38] 10...Ne8 is a critical line. A36: Symmetrical English vs ...g6: 4 Bg2 Bg7.} 11. Be3 Qc7 12. d4 cxd4 13. Nxd4 Nxd4 14. Bxd4 e5 $146 ({Predecessor:} 14... Qxc4 15. Bxf6 Qc5+ 16. Qd4 Qxd4+ 17. Bxd4 Bxd4+ 18. Kh2 Bxc3 19. bxc3 b5 20. Rfd1 Rb6 {0-1 Staloch,S-Kanzler,K Lages JASC (Women) 2002 (2)}) 15. Be3 Nh5 $2 (15... Be6 $11) 16. f5 Nxg3 {[%emt 0:00:00] [#]} 17. Rf3 (17. Nd5 $1 $18 Nxf1 18. Qxf1 (18. Nxc7 Nxe3 19. Qxd6 Nxc4 $18)) 17... Nxf5 18. exf5 Bxf5 19. Nd5 Qd7 20. Qd2 f6 {[%emt 0:00:00] [#]} 21. Raf1 $1 Kh8 22. Bh6 b5 23. Bxg7+ Kxg7 24. Qf2 ({White should try} 24. cxb5 Qxb5 25. R1f2) 24... bxc4 25. Qg3 ({White should try} 25. Rc3 $14) 25... Kh8 26. Qh4 Rxb2 27. Ne3 (27. Nxf6 $2 {is the wrong capture.} Qe7 28. Qxc4 Qa7+ (28... Rxf6 $2 29. Qxa6 e4 30. Rb3 $19) (28... Qxf6 $2 29. R3f2 $19) 29. Kh1 Rxf6 $19) (27. Qxc4 $11 {and White is okay.} Qa7+ 28. Kh2) 27... Qg7 $11 (27... e4 $19 28. R3f2 Rxf2 29. Qxf2 Bxh3) 28. Nxf5 gxf5 29. Rg3 Qa7+ 30. Kh1 f4 31. Qh6 Qf7 32. Rg4 d5 33. Rg1 Rb7 34. Bf1 a5 35. Be2 Rc7 36. R4g2 Qe7 37. Bh5 Rb8 38. Bg6 f3 39. Rb2 Rg8 40. Bf7 Rxg1+ 41. Kxg1 Rd7 42. Rb8+ Rd8 43. Rb7 Qc5+ 44. Kh1 Qc6 45. Be8 Qxb7 46. Qf8# 1-0

[Event "FIDE World Cup O10-B 2024"]
[Site "Batumi"]
[Date "2024.06.24"]
[Round "2.4"]
[White "Yu, Zechen"]
[Black "Kvaratskhelia, Giorgi"]
[Result "1-0"]
[ECO "C45"]
[WhiteElo "1889"]
[BlackElo "1548"]
[Annotator "NA RC"]
[PlyCount "65"]
[EventDate "2024.06.23"]
[EventType "swiss"]
[EventCountry "GEO"]
[SourceTitle "playchess.com"]
[Source "ChessBase"]
[SourceQuality "1"]
[TimeControl "5400+30"]

1. e4 e5 2. Nf3 Nc6 3. d4 exd4 4. Nxd4 Bc5 5. Be3 Qf6 6. c3 Nge7 7. Bb5 a6 8. Ba4 {[%emt 0:00:16] C45: Scotch Game.} b5 9. Bc2 d6 10. O-O Ne5 11. a4 Qg6 12. Kh1 b4 13. Qe1 bxc3 14. Qxc3 Rb8 {[%emt 0:10:20] [#]} 15. Nf5 $1 Nxf5 16. exf5 Bxf5 17. Bxf5 Qxf5 18. Bxc5 dxc5 19. Qxc5 Rxb2 $2 (19... f6 $16) 20. Nc3 $1 f6 21. Nd5 ({And not} 21. Qxc7 O-O $11) 21... Qd7 22. Rad1 $18 ({Not} 22. Nxc7+ Kf7 $16) 22... Kf7 23. Nxf6 Qe7 24. Qc3 Rb7 25. f4 gxf6 26. fxe5 Rb6 27. exf6 Rxf6 28. Rxf6+ Qxf6 29. Qxc7+ Ke8 30. Kg1 h6 31. Qd7+ Kf8 32. Rf1 Rg8 33. Rxf6# 1-0

[Event "FIDE World Cup O10-B 2024"]
[Site "Batumi"]
[Date "2024.06.24"]
[Round "2.5"]
[White "Akramov, Khusan"]
[Black "Ling, Chenxuan"]
[Result "0-1"]
[ECO "A23"]
[WhiteElo "1477"]
[BlackElo "1868"]
[Annotator "NA RC"]
[PlyCount "116"]
[EventDate "2024.06.23"]
[EventType "swiss"]
[EventCountry "GEO"]
[SourceTitle "playchess.com"]
[Source "ChessBase"]
[SourceQuality "1"]
[TimeControl "5400+30"]

1. c4 e5 2. g3 Nf6 3. Bg2 Bc5 4. Nc3 c6 5. e3 Bb6 6. Nge2 {[%emt 0:00:21] A23: English Opening: 1...e5 2 Nc3 Nf6 3 g3 c6.} d5 7. cxd5 cxd5 8. d4 e4 9. O-O O-O 10. Nf4 Nc6 11. a3 Bg4 12. f3 exf3 13. Bxf3 Bxf3 14. Qxf3 Ne7 15. g4 h6 16. Bd2 Qd7 17. h3 Rad8 18. Rf2 Ng6 19. Raf1 Nxf4 20. Qxf4 Bc7 21. Qf3 a6 22. Rg2 Qd6 23. Rff2 Nh7 24. h4 f6 25. Ne2 Qb6 26. Ng3 Bxg3 27. Qxg3 Qe6 28. Qf4 Rfe8 29. Qf5 Qxf5 30. gxf5 Re4 31. Rh2 Rc8 32. Rf4 Ree8 33. Rf3 $11 Rc2 34. Bc3 Rc1+ 35. Kg2 Re4 36. Rf2 Nf8 37. Kf3 Nd7 38. h5 Nb6 39. Rc2 Rf1+ 40. Rcf2 Rxf2+ 41. Rxf2 Nc4 42. Re2 Nd6 43. Rc2 Nxf5 44. Bd2 Re7 45. Rc8+ Kf7 46. Kf2 Nd6 47. Rd8 Ne4+ 48. Ke1 Nxd2 49. Kxd2 Ke6 50. Ke2 Rd7 51. Re8+ Kf5 52. Kf3 Kg5 53. e4 Kxh5 54. e5 fxe5 55. dxe5 Kg6 56. Kf4 Kf7 57. Rc8 Ke6 58. Re8+ Re7 0-1

[Event "FIDE World Cup O10-B 2024"]
[Site "Batumi"]
[Date "2024.06.24"]
[Round "2.6"]
[White "Azimov, Yasin"]
[Black "Bergmann, Rafael Antonio"]
[Result "1-0"]
[ECO "C90"]
[WhiteElo "1833"]
[BlackElo "1743"]
[Annotator "NA RC"]
[PlyCount "37"]
[EventDate "2024.06.23"]
[EventType "swiss"]
[EventCountry "GEO"]
[SourceTitle "playchess.com"]
[Source "ChessBase"]
[SourceQuality "1"]
[TimeControl "5400+30"]

1. e4 e5 2. Nf3 Nc6 3. Bb5 a6 4. Ba4 Nf6 5. O-O Be7 6. d3 b5 7. Bb3 O-O 8. c3 d6 9. Re1 Na5 10. Bc2 c5 11. d4 cxd4 12. cxd4 Nc6 13. h3 Nb4 14. Bb3 Nc6 15. Nc3 Qb6 16. Be3 Qc7 17. Rc1 Qd7 18. Nd5 Qb7 19. Rxc6 1-0

[Event "FIDE World Cup O10-B 2024"]
[Site "Batumi"]
[Date "2024.06.24"]
[Round "2.7"]
[White "Karthik, Anand T."]
[Black "Zabelin, Platon"]
[Result "0-1"]
[ECO "B18"]
[WhiteElo "2022"]
[BlackElo "1799"]
[Annotator "NA RC"]
[PlyCount "104"]
[EventDate "2024.06.23"]
[EventType "swiss"]
[EventCountry "GEO"]
[SourceTitle "playchess.com"]
[Source "ChessBase"]
[SourceQuality "1"]
[TimeControl "5400+30"]

1. e4 c6 2. d4 d5 3. Nc3 dxe4 4. Nxe4 Bf5 5. Ng3 Bg6 6. Nh3 e6 7. Nf4 Bd6 8. h4 Qc7 9. Nxg6 hxg6 10. Ne4 {[%emt 0:01:00] B18: Classical Caro-Kann: 4...Bf5 sidelines.} Bf4 11. Bd3 Bxc1 12. Qxc1 Nd7 13. Qd2 Ngf6 14. Ng5 Nb6 15. O-O-O O-O-O 16. c3 Rd7 17. Kb1 Rhd8 (17... e5 $11) 18. Qc2 Kb8 {[%emt 1:17:01] [#]} 19. Nf3 (19. Bxg6 $1 $16 fxg6 20. Nxe6) 19... c5 20. Ne5 Rd5 21. dxc5 Rxc5 22. Nf3 $1 Nbd5 23. Bf1 $2 {[%emt 0:00:00] [#]} (23. Rhe1 $11 {and White has nothing to worry.}) 23... Rxc3 $1 24. Qe2 (24. bxc3 $2 {too greedy.} Nxc3+ 25. Kb2 (25. Qxc3 $2 Rxd1+ 26. Kb2 Rb1+ 27. Kxb1 Qxc3 $19) 25... Rxd1 $19 (25... Nxd1+ $2 26. Kc1 $19 (26. Kb1 $19))) 24... Rc6 25. g3 Rb6 26. Ka1 Rc8 27. Qe5 Ng4 28. Qxc7+ Rxc7 29. Rb1 Nxf2 30. Rh2 Ne4 31. g4 Ne3 32. Bd3 Nc5 33. Re2 Nxd3 34. Rxe3 Nxb2 35. Rb3 Nc4 36. Rxb6 Nxb6 37. Ng5 Re7 38. h5 gxh5 39. gxh5 e5 $19 40. Rf1 f6 41. Ne4 Nd5 42. Rh1 f5 43. Nd6 f4 44. Ne4 f3 45. Rf1 Rf7 46. Nf2 Nf6 47. Nd1 Nxh5 48. Ne3 Ng3 49. Rg1 Nf5 50. Ng4 e4 51. Re1 e3 52. Ne5 f2 0-1